AoeStats
← primo78n

Hill Fort

504918636Analyzed
2v2 RM · 26d ago on Sep 7, 2026· 59m 45s· 4 players
Game mode
Random Map
Map size
Medium (4 player)
Population
200
Speed
Normal
Resources
Standard
Victory
Conquest
Starting age
Dark Age
Ending age
Imperial Age
RankedLock teamsTeams togetherTeam positionsShared explorationLock speedFull tech treeHidden civsTurbo modeCheats
Victory
Defeat
🇨🇦 Italians · Canada
980
+19
🇵🇪 Burmese · Peru
974
+20
🇦🇷 Bohemians · Argentina
1057
-20
🇦🇷 Malay · Argentina
1052
-19
Dester
1:23 Loom
12:16 Feudal Age
13:09 Double-Bit Axe
13:05 Horse Collar
19:37 Castle Age
17:56 Gold Mining
17:58 Stone Mining
19:29 Fletching
19:40 Padded Archer Armor
22:10 Bow Saw
22:30 Bodkin Arrow
22:52 Leather Archer Armor
22:04 Crossbowman
27:00 Wheelbarrow
26:28 Heavy Plow
30:26 Thumb Ring
34:35 Imperial Age
33:31 Hand Cart
34:12 Stone Shaft Mining
35:02 Ballistics
34:39 Murder Holes
34:25 Treadmill Crane
35:20 Cavalier
36:35 Ring Archer Armor
36:05 Bracer
36:13 Town Watch
36:44 Bloodlines
36:35 Husbandry
37:14 Scale Barding Armor
37:59 Arbalester
39:52 Chemistry
38:40 Light Cavalry
40:17 Hussar
41:20 Chain Barding Armor
41:10 Forging
41:49 Conscription
43:22 Plate Barding Armor
43:22 Caravan
44:15 Elite Genoese Crossbowman
46:12 Crop Rotation
46:49 Squires
46:35 Arson
49:28 Iron Casting
54:25 Blast Furnace
53:26 Scale Mail Armor
55:23 Town Patrol
58:45 Pirotechnia
60:25 Two-Man Saw
SunTzu_Player
7:58 Loom
8:04 Loom
10:03 Feudal Age
22:42 Castle Age
21:26 Stone Mining
21:21 Horse Collar
24:48 Fletching
30:02 Bodkin Arrow
33:52 Imperial Age
31:42 Treadmill Crane
35:56 Light Cavalry
40:34 Heavy Plow
41:33 Scale Barding Armor
41:30 Bracer
41:32 Manipur Cavalry
41:46 Town Watch
42:36 Wheelbarrow
42:17 Bloodlines
43:29 Conscription
47:31 Hand Cart
47:16 Town Patrol
49:02 Chain Barding Armor
48:42 Padded Archer Armor
49:51 Chemistry
49:12 Ballistics
49:04 Caravan
primo78n
0:53 Loom
11:08 Feudal Age
10:47 Double-Bit Axe
13:56 Wheelbarrow
13:37 Horse Collar
17:43 Man-at-Arms
18:09 Arson
21:48 Castle Age
20:40 Forging
19:56 Man-at-Arms
20:21 Arson
20:46 Long Swordsman
21:26 Squires
23:37 Heavy Plow
28:12 Hand Cart
34:13 Iron Casting
33:56 Gold Mining
33:57 Stone Mining
37:57 Imperial Age
37:24 Forced Levy
37:46 Conscription
37:53 Two-Handed Swordsman
41:22 Bow Saw
45:44 Pikeman
47:45 Blast Furnace
48:30 Crop Rotation
TIYA
6:05 Loom
12:00 Feudal Age
12:25 Horse Collar
12:32 Double-Bit Axe
19:27 Castle Age
19:06 Arson
21:34 Fletching
23:39 Bow Saw
22:52 Pikeman
23:38 Scale Mail Armor
29:44 Bodkin Arrow
33:37 Imperial Age
38:07 Cavalier
38:29 Halberdier
39:18 Scale Barding Armor
43:24 Chain Barding Armor
43:16 Forging
46:55 Husbandry
47:30 Squires
51:10 Chemistry
56:12 Light Cavalry
58:43 Iron Casting
Connection lost

Rejoining the realm…

Still unreachable

The connection could not be restored.

Session expired

The server has moved on; the page needs a fresh start.